 Dungeon Crawl Stone Soup version 0.21.1-1-g345015f (webtiles) character file.

165 poirepourri the Magician (level 5, 0/22 HPs)
             Began as a Felid Conjurer on June 2, 2018.
             Slain by a howler monkey (8 damage)
             ... on level 4 of the Dungeon on June 3, 2018.
             The game lasted 00:07:15 (5929 turns).

poirepourri the Magician (Felid Conjurer)           Turns: 5929, Time: 00:07:16

Health: 0/22       AC:  1    Str:  4    XL:     5   Next: 22%
Magic:  13/13      EV: 18    Int: 18    God:
Gold:   130        SH:  0    Dex: 16    Spells: 4/14 levels left
                                        Lives:  0   Deaths: 1

rFire    + . .     SeeInvis +   (weapon unavailable)
rCold    x . .     Gourm    .   (shield unavailable)
rNeg     . . .     Faith    .   (armour unavailable)
rPois    .         Spirit   .   (helmet unavailable)
rElec    .         Reflect  .   (cloak unavailable)
rCorr    .         Harm     .   (gloves unavailable)
MR       .....                  (boots unavailable)
Stlth    +++.......             (no amulet)
HPRegen  0.07/turn              j - ring of fire
MPRegen  0.13/turn              (no ring)

@: quick
A: very small, no armour, no weapons or thrown items, stealth, claws 1, fangs 3,
see invisible, carnivore, speed 1, shaggy fur 1, slow metabolism 1, sharp paws
a: no special abilities


You were on level 4 of the Dungeon.
You were not hungry.

You visited 1 branch of the dungeon, and saw 4 of its levels.

You collected 130 gold pieces.

Inventory:

Jewellery
 d - an uncursed amulet of faith
 j - a ring of fire (left paw)
Scrolls
 g - 3 scrolls of remove curse
 h - 2 scrolls of blinking
 l - a scroll of teleportation
 m - a scroll of amnesia {unknown}
Potions
 c - a potion of degeneration {unknown}
 e - 2 potions of lignification {unknown}
 f - 2 potions of flight
 i - 2 potions of mutation {unknown}
 k - a potion of haste {unknown}
 n - 3 potions of curing
 o - a potion of might {unknown}
Books
 a - a book of Conjurations

   Spells                             Type                      Level
   a - Magic Dart                     Conjuration                  1
   b - Searing Ray                    Conjuration                  2
   c - Dazzling Spray                 Conjuration/Hexes            3
   d - Fulminant Prism                Conjuration/Hexes            4
   e - Force Lance                    Conjuration/Translocation    4
   f - Iskenderun's Mystic Blast      Conjuration                  4
Comestibles
 b - 2 rations


   Skills:
 - Level 2.1 Fighting
 - Level 2.6 Dodging
 - Level 2.6 Stealth
 - Level 5.1 Spellcasting
 + Level 3.6 Conjurations


You had 4 spell levels left.
You knew the following spells:

 Your Spells              Type           Power        Failure   Level  Hunger
a - Magic Dart            Conj           ###.         3%          1    None
b - Searing Ray           Conj           ###...       4%          2    #......
c - Dazzling Spray        Conj/Hex       ##....       19%         3    ##.....
d - Fulminant Prism       Conj/Hex       ##........   52%         4    ####...


Dungeon Overview and Level Annotations

Branches:
Dungeon (4/15)
 Temple: D:4-7

Altars:
Ashenzari
Okawaru
Ru
Yredelemnul

Annotations:
D:3 salinator123's ghost, novice DsBe


Innate Abilities, Weirdness & Mutations

You cannot wear armour.
You are incapable of wielding weapons or throwing items.
Your paws allow you to move quietly. (Stealth)
You have sharp claws.
You have razor-sharp teeth.
You have supernaturally acute eyesight. (SInv)
You are carnivorous and can eat meat at any time.
You cover ground quickly.
You are covered in fur. (AC +1)
You have a slow metabolism.
Your sharp claws are effective at attacking unaware monsters.


Message History

Found a quarterstaff.
The worker ant waves its antennae.
The giant cockroach completely misses you.
The giant cockroach barely misses you. The worker ant misses you.
You see here a quarterstaff.
The howler monkey hits you.
You scratch the howler monkey but do no damage.
The worker ant misses you. The howler monkey barely misses you.
The giant cockroach bites you.
You scratch the howler monkey.
The howler monkey is lightly wounded.
The worker ant closely misses you.
The howler monkey completely misses you.
The orc wizard mumbles some strange words.
The orc wizard blinks!
The giant cockroach bites you. The worker ant bites you.
You scratch the howler monkey but do no damage.
The howler monkey is lightly wounded.
The howler monkey hits you!
You die...

###########
##..#....#.##
#...........#
#......o....#
#...........#
#....s......# .
#..h@aSo....#
..#######.#####.ยง###
#....#..#+##.##..#
#...............#
#......oo.......#
###.##.########## . #
#.##.# .. +. #..hS#
...#. #..oo#


You could see a howler monkey, a worker ant, 2 orc wizards, an adder and a giant
cockroach.

Vanquished Creatures
  3 orc wizards
  Robin (D:2)
  3 adders
  A worm (D:3)
  5 dart slugs
  2 leopard geckos (D:2)
  13 orcs
  5 giant cockroaches
  21 goblins
  5 hobgoblins
  4 jackals (D:1)
  A quokka (D:2)
  5 bats
  3 frilled lizards
  7 kobolds
  8 rats
87 creatures vanquished.

Notes
Turn   | Place    | Note
-------+----------+-------------------------------------------
     0 | D:1      | poirepourri the Felid Conjurer began the quest for the Orb.
     0 | D:1      | Reached XP level 1. HP: 7/7 MP: 4/4
   708 | D:1      | Reached XP level 2. HP: 11/11 MP: 2/6
   857 | D:1      | Learned a level 2 spell: Searing Ray
  1021 | D:1      | Reached skill level 3 in Spellcasting
  1597 | D:2      | Reached XP level 3. HP: 14/14 MP: 1/8
  1914 | D:2      | Learned a level 3 spell: Dazzling Spray
  2277 | D:2      | Reached skill level 4 in Spellcasting
  2444 | D:2      | Reached XP level 4. HP: 18/18 MP: 3/11
  2458 | D:2      | Found a basalt altar of Yredelemnul.
  2458 | D:2      | Found a shattered altar of Ashenzari.
  2459 | D:2      | Found an iron altar of Okawaru.
  2587 | D:2      | Found a sacrificial altar of Ru.
  3341 | D:3      | Noticed salinator123's ghost (novice DsBe)
  3343 | D:3      | Noticed Robin
  3589 | D:2      | Learned a level 4 spell: Fulminant Prism
  3845 | D:2      | Killed Robin
  4077 | D:2      | Reached XP level 5. HP: 8/21 MP: 5/13
  4304 | D:3      | Killed from afar by an orc wizard
  4305 | D:3      | Reached XP level 4. HP: -6/18 MP: 4/11
  4397 | D:3      | Reached skill level 5 in Spellcasting
  4642 | D:3      | Reached skill level 1 in Fighting
  4642 | D:3      | Reached XP level 5. HP: 3/22 MP: 1/13
  5929 | D:4      | Slain by a howler monkey

Skill      XL: |  1  2  3  4  5 |
---------------+----------------+-----
Spellcasting   | 3 4 5 |  5.1
Fighting       | 1 2 |  2.1
Dodging        | |  2.6
Stealth        | |  2.6
Conjurations   | |  3.6

Action                   |  1- 3 |  4- 6 || total
-------------------------+-------+-------++-------
Melee: Unarmed           |     3 |    15 ||    18
       Bite              |       |     1 ||     1
 Cast: Magic Dart        |    74 |    66 ||   140
       Searing Ray       |     5 |    19 ||    24
  Use: Scroll            |     5 |     3 ||     8
 Stab: Sleeping          |       |     2 ||     2
  Eat: Ration            |     1 |     2 ||     3
Armor: Skin              |       |     3 ||     3
Dodge: Dodged            |    21 |    69 ||    90
